[Event "Titled Tuesday Blitz September 27 Early 2022"]
[White "Azaladze, Shota"]
[Black "Guliev, Logman"]
[WhiteFideId "13603027"]
[BlackFideId "13400061"]
[WhiteElo "2439"]
[BlackElo "2128"]
[Result "1-0"]
[Round "03"]
[TimeControl "180+1"]
[Date "2022.09.27"]
[WhiteClock "0:00:19"]
[BlackClock "0:00:07"]

1. b3 e5 2. Bb2 d6 3. e3 Nc6 4. Nc3 g6 5. d4 Bg7 6. Nge2 f5 7. Qd2 Nge7 8. O-O-O O-O 9. Kb1 a5 10. f3 exd4 11. exd4 d5 12. h4 h5 13. Na4 b6 14. Nf4 Kh7 15. Bb5 Qd6 16. g3 Bd7 17. Rde1 Rae8 18. Re3 Ng8 19. Rhe1 Nf6 20. Nc3 Bh6 21. Rxe8 Rxe8 22. Rxe8 Bxe8 23. Nce2 Bf7 24. Qe3 Nd8 25. Bd3 Ne6 26. Bc1 Nxf4 27. Nxf4 c5 28. dxc5 bxc5 29. Qe1 a4 30. Qa5 axb3 31. axb3 c4 32. Bf1 cxb3 33. cxb3 d4 34. Qb5 Nd7 35. Nd3 Bxc1 36. Kxc1 Bd5 37. Be2 Qe6 38. Nf4 Qe3+ 39. Kc2 Qc3+ 40. Kb1 Qxb3+ 41. Qxb3 Bxb3 42. Kb2 Bd5 43. Kc2 Nc5 44. Nh3 Kg7 45. Nf4 Bf7 46. Bb5 Kf6 47. Kd2 Ke5 48. Nh3 Bd5 49. f4+ Ke4 50. Ng5# 1-0


[Site "https://www.chess.com"]

[Event "Titled Tuesday Blitz September 27 Early 2022"]
[White "Badelka, Olga"]
[Black "Roque Sola, Gisela"]
[WhiteFideId "13509926"]
[BlackFideId "5120241"]
[WhiteElo "2165"]
[BlackElo "1845"]
[Result "1-0"]
[Round "03"]
[TimeControl "180+1"]
[Date "2022.09.27"]
[WhiteClock "0:01:09"]
[BlackClock "0:00:36"]

1. c4 e5 2. Nc3 Nf6 3. Nf3 Nc6 4. e3 d5 5. cxd5 Nxd5 6. Bb5 Nxc3 7. bxc3 Qd5 8. c4 Qe6 9. Bb2 f6 10. d4 Bb4+ 11. Kf1 a6 12. d5 Qf7 13. Ba4 b5 14. cxb5 Ne7 15. b6+ Kf8 16. bxc7 Nxd5 17. Bc6 Nc3 18. Qd8+ 1-0


[Site "https://www.chess.com"]

[Event "Titled Tuesday Blitz September 27 Early 2022"]
[White "Balabayeva, Xeniya"]
[Black "Rostovtsev, Dmitry"]
[WhiteFideId "13719688"]
[BlackFideId "34278320"]
[WhiteElo "1895"]
[BlackElo "2313"]
[Result "0-1"]
[Round "03"]
[TimeControl "180+1"]
[Date "2022.09.27"]
[WhiteClock "0:00:06"]
[BlackClock "0:01:46"]

1. e4 e5 2. Nf3 Nc6 3. Bb5 a6 4. Ba4 Nf6 5. O-O Be7 6. Bxc6 dxc6 7. d3 Nd7 8. Nbd2 O-O 9. Nc4 f6 10. Nh4 Nc5 11. Be3 Re8 12. Qe2 Be6 13. Na5 b6 14. Nxc6 Qd7 15. Nxe7+ Qxe7 16. Rad1 a5 17. b3 a4 18. b4 Nb7 19. a3 Nd6 20. c4 Qf7 21. f4 exf4 22. Bxf4 Nxc4 23. dxc4 Bxc4 24. Qe3 Bxf1 25. Rxf1 Qb3 26. Qe2 Qxa3 27. Nf5 Qxb4 28. Qg4 Qf8 29. Bh6 Re7 30. Nxe7+ Qxe7 31. Be3 a3 32. Bd4 a2 33. h3 Ra4 34. Qc8+ Kf7 35. Ba1 Rxe4 36. Qb7 Re2 37. Qd5+ Qe6 38. Qd3 Qe4 39. Qc3 Qxg2# 0-1


[Site "https://www.chess.com"]

[Event "Titled Tuesday Blitz September 27 Early 2022"]
[White "Balkum, Alexander"]
[Black "Mangialardo, Tiago Carvalho"]
[WhiteFideId "2005069"]
[BlackFideId "2130718"]
[WhiteElo "2340"]
[BlackElo "2023"]
[Result "1-0"]
[Round "03"]
[TimeControl "180+1"]
[Date "2022.09.27"]
[WhiteClock "0:01:09"]
[BlackClock "0:00:22"]

1. e4 e5 2. Nf3 Nc6 3. d4 exd4 4. Nxd4 Bc5 5. Be3 Qf6 6. Nb5 Bxe3 7. fxe3 Qh4+ 8. g3 Qd8 9. Qg4 g5 10. N1c3 d6 11. Qd1 a6 12. Nd4 Ne5 13. Be2 Ne7 14. O-O N7c6 15. Nd5 Bh3 16. Nf6+ Kf8 17. Rf2 Ne7 18. Bf1 Qc8 19. Qh5 Bxf1 20. Qh6# 1-0


[Site "https://www.chess.com"]

[Event "Titled Tuesday Blitz September 27 Early 2022"]
[White "Barash, Anton"]
[Black "Sanchez Alvares, Kelvin Antonio"]
[WhiteFideId "30935229"]
[BlackFideId "3906680"]
[WhiteElo "2250"]
[BlackElo "2189"]
[Result "0-1"]
[Round "03"]
[TimeControl "180+1"]
[Date "2022.09.27"]
[WhiteClock "0:00:03"]
[BlackClock "0:01:19"]

1. e4 e5 2. Nc3 Nc6 3. f4 exf4 4. Nf3 g5 5. h4 g4 6. Ng5 h6 7. Nxf7 Kxf7 8. d4 d6 9. Bxf4 Kg7 10. Qd2 Nf6 11. O-O-O Nh5 12. Nd5 Be6 13. Be2 Ne7 14. Rhf1 Ng6 15. Be3 Be7 16. Nxe7 Qxe7 17. d5 Bd7 18. Bd4+ Ne5 19. Qc3 Rac8 20. Rf2 c5 21. dxc6 Rxc6 22. Bxe5+ dxe5 23. Rxd7 Qxd7 24. Qxe5+ Nf6 25. Bb5 Qe6 26. Qd4 Rd6 27. Qxa7 Qxe4 28. a3 Qe1# 0-1


[Site "https://www.chess.com"]

[Event "Titled Tuesday Blitz September 27 Early 2022"]
[White "Barria Zuniga, Daniel"]
[Black "Skuhala, Barbara"]
[WhiteFideId "3400816"]
[BlackFideId "14605465"]
[WhiteElo "2414"]
[BlackElo "2155"]
[Result "1-0"]
[Round "03"]
[TimeControl "180+1"]
[Date "2022.09.27"]
[WhiteClock "0:00:10"]
[BlackClock "0:00:22"]

1. d4 Nf6 2. c4 e6 3. Nf3 b6 4. g3 Bb7 5. Bg2 d5 6. cxd5 exd5 7. O-O Be7 8. Nc3 O-O 9. Qc2 Nbd7 10. Rd1 c6 11. Bf4 Rc8 12. Rac1 Re8 13. Ne5 Nf8 14. e4 dxe4 15. Nxe4 Nxe4 16. Bxe4 Bf6 17. Bxc6 Bxe5 18. dxe5 Qe7 19. Qe4 Bxc6 20. Rxc6 Ne6 21. Be3 Rxc6 22. Qxc6 Rd8 23. Rd6 h6 24. a4 h5 25. h4 g6 26. b4 Re8 27. b5 Ng7 28. Rd7 Qxe5 29. Rxa7 Nf5 30. Ra8 Rxa8 31. Qxa8+ Kh7 32. Bxb6 Qe6 33. Qc6 Qe1+ 34. Kg2 Qd1 35. Qc4 Kg7 36. Ba5 f6 37. Qc7+ Kh6 38. Qf4+ Kg7 39. Bd2 Qb3 40. Qc7+ Kg8 41. Qc8+ Kf7 42. Qb7+ Kg8 43. a5 Qd3 44. a6 Qxd2 45. a7 Ne3+ 46. Kf3 Qd1+ 47. Kxe3 Qe1+ 48. Kd3 Qd1+ 49. Kc3 Qc1+ 50. Kb4 Qb2+ 51. Kc5 Qc3+ 52. Kd6 Qe5+ 53. Kd7 Qd4+ 54. Kc8 Qc4+ 55. Qc6 1-0


[Site "https://www.chess.com"]

[Event "Titled Tuesday Blitz September 27 Early 2022"]
[White "Bartel, Michal"]
[Black "Mikhailovsky, Vladimir"]
[WhiteFideId "1119257"]
[BlackFideId "34105414"]
[WhiteElo "2274"]
[BlackElo "2297"]
[Result "0-1"]
[Round "03"]
[TimeControl "180+1"]
[Date "2022.09.27"]
[WhiteClock "0:00:26"]
[BlackClock "0:00:14"]

1. e4 e5 2. Nf3 d5 3. Nxe5 Bd6 4. d4 dxe4 5. Qe2 Nf6 6. Nc3 O-O 7. Bg5 Bb4 8. Qc4 Bxc3+ 9. Qxc3 h6 10. Bh4 Qd6 11. Nc4 Qe6 12. Ne3 Nd5 13. Nxd5 Qxd5 14. Bc4 Qh5 15. Bg3 c6 16. O-O Nd7 17. Rfe1 Nb6 18. Rxe4 Nxc4 19. Qxc4 Be6 20. Qe2 Qg6 21. Re1 Bf5 22. Re7 Bxc2 23. Rxb7 Rad8 24. Be5 f6 25. Qc4+ Kh7 26. Bg3 Rfe8 27. Rc1 Bd3 28. Qc3 a6 29. h4 h5 30. Rd1 Be4 31. Qc4 a5 32. Ra7 Bd5 33. Qa4 Re4 34. Rxa5 Rde8 35. Qb4 Re2 36. Rxd5 cxd5 37. a4 Qc2 38. Ra1 Qxb2 39. Qxb2 Rxb2 40. a5 Ra8 41. Bd6 Rb5 42. Bc7 Rb7 43. Bd6 Kg6 44. Ra3 Rb5 45. Bc7 Rb1+ 46. Kh2 Rb7 47. Bd6 Rba7 48. Bb4 Ra6 49. Kg3 Rc8 50. Bc5 Rca8 51. Bb4 Rb8 52. Bc5 Rb5 53. Re3 Raxa5 54. Re7 Rb3+ 55. f3 Rab5 56. Rd7 Rb7 57. Rxd5 Rb2 58. Rd8 Rc2 59. Bf8 Kf7 60. Bc5 Rbb2 61. Rd7+ Kg6 62. Kf4 Rxg2 63. Bf8 Kh7 64. d5 Rbd2 65. Ke4 Rge2+ 66. Kf5 Rg2 67. d6 Rd5+ 68. Ke6 Rd3 69. Rd8 Rxf3 70. d7 Re2+ 71. Kf7 Rd3 72. Be7 Red2 73. Ke8 f5 74. Bg5 Re2+ 75. Kf7 Re4 76. Be7 f4 77. Bg5 f3 78. Re8 Rxd7+ 79. Re7 Rexe7+ 80. Kf8 Rf7+ 81. Ke8 f2 82. Bf6 f1=Q 83. Bxg7 Rde7+ 84. Kd8 Qd3+ 85. Bd4 Qxd4+ 86. Kc8 Qd7+ 87. Kb8 Kg6 88. Ka8 Kf6 89. Kb8 Kf5 90. Ka8 Kg4 91. Kb8 Kh3 92. Ka8 Kh2 93. Kb8 Kh1 94. Ka8 Kg1 95. Kb8 Kf1 0-1


[Site "https://www.chess.com"]

[Event "Titled Tuesday Blitz September 27 Early 2022"]
[White "Baskakov, Egor"]
[Black "Fiorito, Joaquin"]
[WhiteFideId "24197866"]
[BlackFideId "180173"]
[WhiteElo "2211"]
[BlackElo "1758"]
[Result "1-0"]
[Round "03"]
[TimeControl "180+1"]
[Date "2022.09.27"]
[WhiteClock "0:00:59"]
[BlackClock "0:00:07"]

1. e4 c6 2. d4 d5 3. e5 Bf5 4. Ne2 e6 5. Ng3 Bg6 6. h4 h6 7. h5 Bh7 8. Bd3 Bxd3 9. cxd3 Qb6 10. Be3 Nd7 11. O-O Qxb2 12. Nd2 Qb6 13. Rb1 Qc7 14. Qg4 O-O-O 15. f4 f5 16. Qg6 Ne7 17. Qxe6 Kb8 18. Nxf5 Nxf5 19. Qxf5 Qa5 20. Nb3 Qxa2 21. Rfc1 Qe2 22. Bf2 Bb4 23. Qh3 Rhf8 24. Be1 Rxf4 25. Bxb4 Qf2+ 26. Kh2 Rh4 27. Rf1 Rxh3+ 28. Kxh3 Qe3+ 29. Kh2 Qg5 30. Bd6+ Ka8 31. Nc5 Nb6 32. Ne6 Qxh5+ 33. Kg1 Rc8 34. Nc7+ Rxc7 35. Bxc7 Nc8 36. Rbe1 Qe8 37. e6 Ne7 38. Bd6 Ng6 39. e7 Nxe7 40. Bxe7 b5 41. Rf8 1-0


[Site "https://www.chess.com"]

[Event "Titled Tuesday Blitz September 27 Early 2022"]
[White "Becerra, Juan David"]
[Black "Perez Ponsa, Federico"]
[WhiteFideId "4404998"]
[BlackFideId "117927"]
[WhiteElo "2278"]
[BlackElo "2604"]
[Result "1-0"]
[Round "03"]
[TimeControl "180+1"]
[Date "2022.09.27"]
[WhiteClock "0:00:09"]
[BlackClock "0:00:06"]

1. d4 Nf6 2. c4 e6 3. Nc3 Bb4 4. a3 Bxc3+ 5. bxc3 c5 6. e3 Nc6 7. Bd3 b6 8. Nf3 O-O 9. O-O Ba6 10. e4 Ne8 11. e5 f5 12. h4 Na5 13. Qe2 Rc8 14. d5 exd5 15. cxd5 Bxd3 16. Qxd3 d6 17. Bg5 Qc7 18. e6 h6 19. Bf4 c4 20. Qc2 Nb3 21. Rad1 Qe7 22. h5 Nf6 23. Nh4 Nxh5 24. Ng6 Qf6 25. Nxf8 Nxf4 26. Nd7 Qg5 27. g3 Qg4 28. Rfe1 Re8 29. Re3 Nh3+ 30. Kg2 f4 31. Qe4 Qxd1 32. Qg6 Qxd5+ 33. Re4 Re7 34. Nf6+ Kf8 35. Nxd5 Nc5 36. Nxe7 Nxe4 37. Qf7# 1-0


[Site "https://www.chess.com"]

[Event "Titled Tuesday Blitz September 27 Early 2022"]
[White "Begunov, Konstantin"]
[Black "Riehle, Marco"]
[WhiteFideId "4118510"]
[BlackFideId "12904392"]
[WhiteElo "2165"]
[BlackElo "2462"]
[Result "0-1"]
[Round "03"]
[TimeControl "180+1"]
[Date "2022.09.27"]
[WhiteClock "0:00:18"]
[BlackClock "0:02:14"]

1. d4 Nf6 2. c4 e5 3. dxe5 Ne4 4. Nf3 b6 5. Nbd2 Bb7 6. Nxe4 Bxe4 7. a3 a5 8. Bf4 Bc5 9. e3 O-O 10. Bd3 Bb7 11. O-O h6 12. Bg3 Nc6 13. Nd4 Re8 14. Nxc6 Bxc6 15. Re1 Qg5 16. f4 Qe7 17. Bf2 Rad8 18. Qc2 d6 19. exd6 Rxd6 20. Re2 Red8 21. Bf5 g6 22. Bg4 h5 23. Bf3 Bxf3 24. gxf3 Qe6 25. Kg2 Rd3 26. e4 Bxf2 27. Rxf2 R8d4 28. b3 Qd6 29. Re1 Qxf4 30. c5 Rd2 31. Ree2 Rxc2 0-1


[Site "https://www.chess.com"]

[Event "Titled Tuesday Blitz September 27 Early 2022"]
[White "Bettalli, Francesco"]
[Black "Orlov, Georgi"]
[WhiteFideId "2816453"]
[BlackFideId "2011271"]
[WhiteElo "2216"]
[BlackElo "2603"]
[Result "1-0"]
[Round "03"]
[TimeControl "180+1"]
[Date "2022.09.27"]
[WhiteClock "0:00:01"]
[BlackClock "0:00:01"]

1. d4 b6 2. e4 Bb7 3. Bd3 Nf6 4. f3 e6 5. c4 d5 6. cxd5 exd5 7. e5 Nfd7 8. Ne2 c5 9. f4 cxd4 10. Nxd4 Bc5 11. Be3 Nc6 12. Bb5 Bxd4 13. Bxd4 Nc5 14. O-O O-O 15. Nc3 Ne6 16. Bxc6 Bxc6 17. f5 Nxd4 18. Qxd4 Qe7 19. b4 a5 20. b5 Bb7 21. Rac1 Qb4 22. Qd3 Qc5+ 23. Kh1 d4 24. Ne2 Qxe5 25. f6 gxf6 26. Nf4 Rfe8 27. Qh3 Kh8 28. Nh5 Rg8 29. Rc2 d3 30. Rcf2 f5 31. Nf4 Rad8 32. Nxd3 Qd4 33. Nf4 Rg5 34. Nh5 Rdg8 35. Ng3 Qd5 36. Rg1 f4 37. Rxf4 Rxg3 38. hxg3 Qxb5 39. Rh4 Qd3 40. Kh2 Rg6 41. Rd1 Kg8 42. Rxd3 1-0


[Site "https://www.chess.com"]

[Event "Titled Tuesday Blitz September 27 Early 2022"]
[White "Bilych, Olexiy"]
[Black "Xiong, Jeffery"]
[WhiteFideId "14156504"]
[BlackFideId "2047640"]
[WhiteElo "2157"]
[BlackElo "2714"]
[Result "0-1"]
[Round "03"]
[TimeControl "180+1"]
[Date "2022.09.27"]
[WhiteClock "0:00:07"]
[BlackClock "0:00:43"]

1. e4 c5 2. Nf3 d6 3. d4 cxd4 4. Nxd4 Nf6 5. Nc3 a6 6. Bg5 e6 7. f4 h6 8. Bh4 Qb6 9. a3 Nbd7 10. Bf2 Qc7 11. Qf3 b5 12. O-O-O Bb7 13. Bd3 h5 14. Rhe1 Rc8 15. Kb1 g6 16. f5 gxf5 17. Qh3 Ng4 18. Bg3 f4 19. Bxf4 e5 20. Nd5 Qd8 21. Nf5 exf4 22. Qf3 Nge5 23. Qxf4 Rg8 24. Rf1 Qg5 25. Qf2 Qxg2 26. Qa7 Bxd5 27. Qxa6 Ra8 28. Nxd6+ Kd8 29. Qxb5 Bc6 30. Qb4 Qg6 31. Bb5 Bxb5 32. Nb7+ Kc7 33. Qxb5 Qc6 34. Qb3 Qxb7 35. Rxd7+ Nxd7 36. Qxf7 Bxa3 0-1


[Site "https://www.chess.com"]

[Event "Titled Tuesday Blitz September 27 Early 2022"]
[White "Bortnyk, Mykola"]
[Black "Papasimakopoulos, Alexandros"]
[WhiteFideId "14120836"]
[BlackFideId "4244125"]
[WhiteElo "2582"]
[BlackElo "2357"]
[Result "0-1"]
[Round "03"]
[TimeControl "180+1"]
[Date "2022.09.27"]
[WhiteClock "0:00:35"]
[BlackClock "0:00:18"]

1. e4 e6 2. d4 d5 3. Nc3 Bb4 4. Qd3 dxe4 5. Qxe4 Nf6 6. Qh4 Nc6 7. Nf3 Ne7 8. Bd3 Nf5 9. Qh3 Nxd4 10. Nxd4 Qxd4 11. O-O O-O 12. Nb5 Qe5 13. Be3 c6 14. Bd4 Qh5 15. Qxh5 Nxh5 16. Nc7 Bd7 17. Nxa8 Rxa8 18. Rad1 Be8 19. c3 Be7 20. f4 g6 21. g4 Nf6 22. h3 c5 23. Bxf6 Bxf6 24. Be4 Rb8 25. Kg2 b5 26. f5 exf5 27. gxf5 g5 28. Rd6 Kg7 29. Rf2 a5 30. Re2 b4 31. c4 a4 32. Bc6 Bxc6+ 33. Rxc6 Bd4 34. Ra6 b3 35. a3 Rb7 36. Kf3 h5 37. Rg2 f6 38. Re2 Be5 39. Rd2 Bd4 40. Rxa4 Re7 41. Re2 g4+ 42. hxg4 hxg4+ 43. Kxg4 Rxe2 44. Ra7+ Kh6 45. Ra8 Rg2+ 46. Kf4 Rxb2 47. Ke4 Rb1 48. Kd5 b2 49. Rh8+ Kg5 50. Rg8+ Kxf5 0-1


[Site "https://www.chess.com"]

[Event "Titled Tuesday Blitz September 27 Early 2022"]
[White "Bowden, Karl"]
[Black "Domingo Nunez, Ruben"]
[WhiteFideId "400548"]
[BlackFideId "22245570"]
[WhiteElo "2469"]
[BlackElo "2406"]
[Result "0-1"]
[Round "03"]
[TimeControl "180+1"]
[Date "2022.09.27"]
[WhiteClock "0:00:03"]
[BlackClock "0:00:43"]

1. e4 g6 2. d4 Bg7 3. c3 b6 4. Bd3 Bb7 5. Qe2 e6 6. f4 a6 7. Nf3 d6 8. O-O Nd7 9. f5 e5 10. Ng5 Ngf6 11. d5 h6 12. Nh3 c6 13. c4 b5 14. b3 O-O 15. Nc3 a5 16. dxc6 Bxc6 17. cxb5 Bb7 18. Be3 Nc5 19. fxg6 fxg6 20. Bxc5 dxc5 21. Bc4+ Kh7 22. Rad1 Qc8 23. Nf2 h5 24. Rd6 Bh6 25. Rfd1 Qe8 26. b6 Bc8 27. Bb5 Qe7 28. Bc6 Rb8 29. Na4 Kh8 30. b7 Bg4 31. Nxg4 Nxg4 0-1


[Site "https://www.chess.com"]

[Event "Titled Tuesday Blitz September 27 Early 2022"]
[White "Brodowski, Piotr"]
[Black "Avazkhonov, Alikhon"]
[WhiteFideId "1124480"]
[BlackFideId "14208504"]
[WhiteElo "2312"]
[BlackElo "1739"]
[Result "0-1"]
[Round "03"]
[TimeControl "180+1"]
[Date "2022.09.27"]
[WhiteClock "0:00:03"]
[BlackClock "0:00:08"]

1. Nf3 d5 2. c4 c6 3. Qc2 Nf6 4. g3 Bg4 5. Bg2 e6 6. O-O Bd6 7. d3 O-O 8. Nbd2 Qc7 9. b3 Nbd7 10. Bb2 a5 11. a3 Rfe8 12. Rac1 e5 13. cxd5 Nxd5 14. Nc4 Bf8 15. h3 Bh5 16. Rfe1 Rac8 17. e4 N5f6 18. d4 Bxf3 19. Bxf3 exd4 20. Bxd4 b5 21. e5 Nd5 22. Nb2 Nxe5 23. Bxd5 cxd5 24. Qxc7 Rxc7 25. Bxe5 Rxe5 26. Rxc7 Rxe1+ 27. Kg2 Rb1 28. Nd3 Rxb3 29. Nf4 g6 30. Nxd5 Bxa3 31. Nf6+ Kg7 32. Ne8+ Kf8 33. Nf6 h5 34. Nd7+ Ke8 35. Nf6+ Kd8 36. Rxf7 Bc5 37. Ne4 Bd4 38. Rb7 a4 39. Nd6 b4 40. Nf7+ Ke8 41. Nd6+ Kf8 42. Nc4 a3 43. Nxa3 bxa3 44. Rb4 Rxb4 0-1


[Site "https://www.chess.com"]

[Event "Titled Tuesday Blitz September 27 Early 2022"]
[White "Bryakin, Mikhail"]
[Black "Sharifov, Mekhriddin"]
[WhiteFideId "4165314"]
[BlackFideId "14701545"]
[WhiteElo "2357"]
[BlackElo "1540"]
[Result "1-0"]
[Round "03"]
[TimeControl "180+1"]
[Date "2022.09.27"]
[WhiteClock "0:00:11"]
[BlackClock "0:00:13"]

1. e4 c5 2. c3 d5 3. exd5 Qxd5 4. d4 Nf6 5. Nf3 Bf5 6. Be3 cxd4 7. Nxd4 Bxb1 8. Rxb1 Nc6 9. Nb5 Qe5 10. Be2 a6 11. Nd4 e6 12. Nxc6 bxc6 13. O-O Bd6 14. g3 Nd5 15. Bd4 Qg5 16. c4 Nf4 17. Bf3 O-O 18. Kh1 Rfd8 19. Be3 Qf6 20. gxf4 Bxf4 21. Qe2 Bc7 22. Rg1 Qh4 23. Rg2 f6 24. Rbg1 Kh8 25. Bxc6 Rab8 26. b3 Rd6 27. Qf3 Rbd8 28. Be4 f5 29. Bb7 Rd3 30. Bxa6 f4 31. Qc6 Rd1 32. Qxc7 Rxg1+ 33. Rxg1 Rg8 34. Bd4 Qh6 35. Bxg7+ Qxg7 36. Qxg7+ Rxg7 37. Rxg7 Kxg7 38. Kg2 e5 39. Kf3 Kf6 40. Ke4 Ke6 41. Bc8+ Kd6 42. Bf5 1-0


[Site "https://www.chess.com"]

[Event "Titled Tuesday Blitz September 27 Early 2022"]
[White "Burmakin, Vladimir"]
[Black "Andreikin, Dmitry"]
[WhiteFideId "4105109"]
[BlackFideId "4158814"]
[WhiteElo "2513"]
[BlackElo "2736"]
[Result "0-1"]
[Round "03"]
[TimeControl "180+1"]
[Date "2022.09.27"]
[WhiteClock "0:00:04"]
[BlackClock "0:01:21"]

1. c4 e5 2. g3 Bc5 3. Bg2 d6 4. Nc3 a6 5. e3 Ba7 6. Nge2 Nf6 7. d3 O-O 8. O-O c6 9. b4 d5 10. c5 Bg4 11. h3 Bh5 12. Qc2 Nbd7 13. f4 a5 14. a3 Re8 15. d4 Bg6 16. f5 Bh5 17. dxe5 Bxe2 18. Nxe2 Rxe5 19. Qc3 Qe7 20. Bd2 Re8 21. Nd4 Ne4 22. Bxe4 Rxe4 23. Rf3 Bb8 24. Raf1 Ne5 25. Rf4 Nc4 26. Rxe4 Qxe4 27. Kf2 axb4 28. axb4 Be5 29. Bc1 Bxd4 30. exd4 Qxf5+ 31. Kg1 Qxh3 32. Qf3 f6 0-1


[Site "https://www.chess.com"]

[Event "Titled Tuesday Blitz September 27 Early 2022"]
[White "Buscar, Michael"]
[Black "Quirke, Jeffrey"]
[WhiteFideId "2603616"]
[BlackFideId "2013029"]
[WhiteElo "2010"]
[BlackElo "2147"]
[Result "1-0"]
[Round "03"]
[TimeControl "180+1"]
[Date "2022.09.27"]
[WhiteClock "0:00:10"]
[BlackClock "0:00:01"]

1. Nf3 d5 2. g3 c5 3. Bg2 Nf6 4. d3 e6 5. O-O Be7 6. Nbd2 O-O 7. e4 Nc6 8. c3 Qc7 9. Qe2 b5 10. e5 Nd7 11. d4 a5 12. h4 Ba6 13. Qe3 cxd4 14. cxd4 Nb4 15. Qb3 a4 16. Qd1 Rfc8 17. Ng5 h6 18. Nxf7 Kxf7 19. Qh5+ Kg8 20. Bh3 Nf8 21. Nf3 Qd8 22. Bxh6 gxh6 23. Qxh6 Rc6 24. a3 Nd3 25. Rab1 Qe8 26. Rfd1 b4 27. Bf1 Qg6 28. Qxg6+ Nxg6 29. Bxd3 Bxd3 30. Rxd3 b3 31. h5 Nf8 32. g4 Rac8 33. Rdd1 Rc2 34. Kg2 Re2 35. Ne1 Bg5 36. Nd3 Rcc2 37. Kg3 Nd7 38. f4 Rg2+ 39. Kf3 Bh4 40. Rh1 Bg3 41. f5 Nb6 42. h6 Nc4 43. h7+ Kh8 44. Rbd1 Nxb2 45. Nxb2 Rxb2 46. fxe6 Rbf2+ 47. Ke3 Re2+ 48. Kd3 1-0


[Site "https://www.chess.com"]

[Event "Titled Tuesday Blitz September 27 Early 2022"]
[White "Butti, Enrique"]
[Black "Rosenberg, Evan S"]
[WhiteFideId "3700470"]
[BlackFideId "2019299"]
[WhiteElo "2080"]
[BlackElo "2363"]
[Result "0-1"]
[Round "03"]
[TimeControl "180+1"]
[Date "2022.09.27"]
[WhiteClock "0:01:23"]
[BlackClock "0:01:21"]

1. d4 Nf6 2. Nf3 d5 3. c4 e6 4. e3 a6 5. Bd3 dxc4 6. Bxc4 b5 7. Bd3 Bb7 8. a4 b4 9. O-O Be7 10. b3 O-O 11. Bb2 Nbd7 12. Nbd2 Nb6 13. a5 Nbd5 14. Rc1 Ra7 15. Nc4 Re8 16. Nfe5 g6 17. f4 Nd7 18. f5 exf5 19. Rxf5 Nxe5 20. Nxe5 Nxe3 21. Qe2 Nxf5 22. Bxf5 gxf5 23. Qh5 Bd5 24. Qxf5 Bf6 0-1


[Site "https://www.chess.com"]

[Event "Titled Tuesday Blitz September 27 Early 2022"]
[White "Bykhovsky, Anatoly"]
[Black "Narayanan.S.L"]
[WhiteFideId "2806991"]
[BlackFideId "5058422"]
[WhiteElo "2540"]
[BlackElo "2504"]
[Result "0-1"]
[Round "03"]
[TimeControl "180+1"]
[Date "2022.09.27"]
[WhiteClock "0:00:19"]
[BlackClock "0:00:37"]

1. d4 Nf6 2. Nf3 g6 3. c4 Bg7 4. Nc3 O-O 5. Bg5 c5 6. d5 d6 7. Nd2 e6 8. e4 exd5 9. cxd5 Re8 10. Be2 a6 11. a4 Nbd7 12. O-O Rb8 13. Re1 Ne5 14. h3 h6 15. Bf4 g5 16. Bh2 Bd7 17. a5 b5 18. axb6 Rxb6 19. Bxe5 dxe5 20. Nc4 Rb4 21. Rxa6 g4 22. hxg4 Bxg4 23. Bxg4 Rxc4 24. Bf5 Rd4 25. Qf3 c4 26. Rea1 Qb8 27. Qg3 Kh8 28. Qh4 Ng8 29. d6 Rxd6 30. Rxd6 Qxd6 31. Ra7 Ne7 32. Qh5 Rf8 33. g3 Kg8 34. Kg2 Qb4 35. Nd5 Nxd5 36. exd5 Qxb2 37. Be4 Qb6 38. Qf5 Qg6 39. Qxg6 fxg6 40. Rc7 Rf6 41. Rxc4 Bf8 42. g4 Bd6 43. f3 Kg7 44. Ra4 Rf8 45. Ra7+ Kf6 46. Ra6 Rd8 47. Kg3 Kg5 48. Ra7 Bf8 49. Ra6 Bd6 50. Ra7 h5 51. Rg7 h4+ 52. Kh3 Kf4 53. Rxg6 Be7 54. Rg7 Bg5 55. Rf7+ Ke3 56. Rf5 Bf4 57. g5 Rg8 58. Kxh4 Kf2 59. d6 Rh8+ 60. Kg4 Bg3 61. d7 Rh4# 0-1


[Site "https://www.chess.com"]

[Event "Titled Tuesday Blitz September 27 Early 2022"]
[White "Bykov, Egor"]
[Black "Narayanan, Srinath"]
[WhiteFideId "34115290"]
[BlackFideId "5018420"]
[WhiteElo "2192"]
[BlackElo "2459"]
[Result "1-0"]
[Round "03"]
[TimeControl "180+1"]
[Date "2022.09.27"]
[WhiteClock "0:00:10"]
[BlackClock "0:01:06"]

1. d4 Nf6 2. c4 e6 3. Nf3 d5 4. Nc3 Bb4 5. Qb3 c5 6. dxc5 Na6 7. Bg5 Qa5 8. Bxf6 gxf6 9. e3 Nxc5 10. Qc2 Ne4 11. Rc1 Qxa2 12. cxd5 Bxc3+ 13. bxc3 Qxc2 14. Rxc2 exd5 15. Bd3 Nc5 16. Bb5+ Bd7 17. Bxd7+ Kd8 18. Bb5 Kc7 19. Ke2 Rhd8 20. Nd4 Kd6 21. Bd3 a6 22. Bxh7 Rh8 23. Bf5 b5 24. h4 Rab8 25. h5 Rh6 26. Bd3 Kc7 27. Nf5 Rhh8 28. h6 a5 29. Rb1 Kc6 30. g4 a4 31. Bxb5+ Kc7 32. Ra2 Ne4 33. Ra3 Rb6 34. Bd3 Rxb1 35. Bxb1 Nc5 36. Bc2 Rb8 37. h7 Rh8 38. Nh6 Rf8 39. Nxf7 Rxf7 40. h8=Q Kd6 41. Qd8+ Nd7 42. Bf5 1-0


[Site "https://www.chess.com"]

[Event "Titled Tuesday Blitz September 27 Early 2022"]
[White "Camacho Collados, Jose"]
[Black "Ozen, Bahadir"]
[WhiteFideId "2265427"]
[BlackFideId "6337058"]
[WhiteElo "2264"]
[BlackElo "2503"]
[Result "0-1"]
[Round "03"]
[TimeControl "180+1"]
[Date "2022.09.27"]
[WhiteClock "0:00:30"]
[BlackClock "0:01:57"]

1. c4 g6 2. g3 Bg7 3. Bg2 c5 4. Nc3 Nc6 5. e4 d6 6. d3 Nf6 7. Nge2 Nd7 8. O-O Nf8 9. f4 Ne6 10. f5 Ned4 11. Nf4 O-O 12. g4 e6 13. Be3 Bd7 14. fxe6 fxe6 15. Kh1 Qh4 16. Bf2 Qe7 17. Bg3 Ne5 18. Nce2 Nxg4 19. Nxd4 Ne3 20. Qb3 Bxd4 21. Rg1 Nxg2 22. Rxg2 Bc6 23. h4 Kh8 24. Kh2 Rxf4 25. Kh3 Raf8 26. Qd1 Rf3 27. Rb1 a5 28. Qd2 Be5 29. Qh6 Qg7 30. Qg5 h6 31. Qg4 Qf6 32. Rbg1 h5 33. Qg5 Qxg5 34. hxg5 Rxd3 35. Kh2 Rxg3 36. Rxg3 h4 37. Kh3 hxg3 38. Rh1 Bxe4 39. Re1 Bf5+ 0-1


[Site "https://www.chess.com"]

[Event "Titled Tuesday Blitz September 27 Early 2022"]
[White "Caruana, Fabiano"]
[Black "Meshkovs, Nikita"]
[WhiteFideId "2020009"]
[BlackFideId "11602740"]
[WhiteElo "2847"]
[BlackElo "2506"]
[Result "1-0"]
[Round "03"]
[TimeControl "180+1"]
[Date "2022.09.27"]
[WhiteClock "0:00:17"]
[BlackClock "0:00:05"]

1. e3 Nf6 2. Nf3 e6 3. b3 b6 4. Bb2 Bb7 5. g3 Be7 6. Bg2 O-O 7. O-O c5 8. c4 d5 9. cxd5 Nxd5 10. a3 Nc6 11. Qc2 Rc8 12. d3 Bf6 13. Nbd2 Bxb2 14. Qxb2 Qf6 15. Qc2 Qc3 16. Rfc1 Qxc2 17. Rxc2 Ba6 18. Nc4 Rfd8 19. Nfd2 Nde7 20. Rc3 Nd5 21. Rcc1 Nde7 22. Bf1 Bb7 23. f4 Nd5 24. Kf2 f6 25. Ne4 Rc7 26. Ra2 Rcd7 27. Rd2 Nde7 28. Rcd1 Na5 29. Nxa5 Bxe4 30. Nc4 Bd5 31. Rc1 Kf7 32. b4 cxb4 33. axb4 Bxc4 34. Rxc4 Nf5 35. Rdc2 Ke7 36. d4 Nd6 37. Rc6 a5 38. Rxb6 axb4 39. Rxb4 Ra8 40. Bd3 f5 41. Rb3 Ra1 42. Rbc3 Rda7 43. Rc7+ Kf6 44. Rxa7 Rxa7 45. Rc6 Ke7 46. Kf3 Ra3 47. Be2 Ne4 48. Rc2 g5 49. h3 gxf4 50. Kxf4 Nf6 51. Bf3 Ra7 52. Rc6 h6 53. g4 fxg4 54. hxg4 Nd7 55. Rc1 Ra4 56. Be4 Kf6 57. Rc6 Nf8 58. Rc8 Nd7 59. Rh8 Kg7 60. Rh7+ Kf6 61. Rxd7 Ra1 62. Bf3 Rf1 63. Rd6 Ke7 64. Ra6 Kf6 65. d5 Kf7 1-0


[Site "https://www.chess.com"]